 Dungeon Crawl Stone Soup version 0.28.0 (webtiles) character file.

Game seed: 6126401705356655176

11309 Skilfsilihog the Placeless Draconian (level 11, -12/89 HPs)
             Began as a Green Draconian Conjurer on Feb 19, 2022.
             Was a Believer of Vehumet.
             Mangled by Frances (17 damage)
             ... on level 12 of the Dungeon.
             The game lasted 00:43:04 (16735 turns).

Skilfsilihog the Placeless Draconian (DrCj)        Turns: 16735, Time: 00:43:05

Health: -12/89     AC:  9    Str: 11    XL:     11   Next: 47%
Magic:  20/21      EV: 12    Int: 22    God:    Vehumet [**....]
Gold:   478        SH:  0    Dex:  9    Spells: 10/23 levels left

rFire   . . .      SeeInvis .   t - +7 spear (flame)
rCold   . . .      Faith    .   (no shield)
rNeg    . . .      Spirit   .   (armour unavailable)
rPois   +          Reflect  .   (helmet restricted)
rElec   .          Harm     .   (no cloak)
rCorr   .          Rampage  .   z - +0 pair of gloves
Will    .....                   b - +0 pair of boots
Stlth   ++........              a - amulet of magic regeneration
HPRegen 0.24/turn               (no ring)
MPRegen 0.57/turn               (no ring)

@: short of breath
A: breathe noxious fumes, AC +7, unfitting armour, poison resistance,
cold-blooded
a: Breathe Noxious Fumes, Renounce Religion


You were on level 12 of the Dungeon.
You worshipped Vehumet.
Vehumet was pleased with you.
You visited 2 branches of the dungeon, and saw 13 of its levels.

You collected 478 gold pieces.

Inventory:

Hand Weapons
 i - a +6 dagger
 t - a +7 spear of flaming (weapon)
Armour
 b - a +0 pair of boots (worn)
 z - a +0 pair of gloves (worn)
Jewellery
 a - an amulet of magic regeneration (around neck)
 s - an amulet of the acrobat
Wands
 x - a wand of paralysis (9)
Scrolls
 c - 2 scrolls of fear {unknown}
 d - a scroll of vulnerability
 n - a scroll of fog
 o - a scroll of amnesia {unknown}
 p - 5 scrolls of noise
 u - a scroll of brand weapon
 v - 3 scrolls of magic mapping
 y - a scroll of holy word {unknown}
Potions
 e - 3 potions of attraction
 f - a potion of mutation {unknown}
 g - a potion of ambrosia
 h - a potion of might {unknown}
 j - a potion of invisibility {unknown}
 k - a potion of heal wounds
 l - 6 potions of curing
 q - 2 potions of flight {unknown}
 r - 2 potions of brilliance {unknown}
 w - a potion of berserk rage {unknown}
 C - a potion of lignification {unknown}


   Skills:
 + Level 6.2 Fighting
 - Level 1.7 Dodging
 - Level 1.7 Stealth
 - Level 8.2 Shields
 - Level 6.8 Spellcasting
 - Level 7.0 Conjurations
 - Level 9.2 Translocations
 - Level 8.2 Earth Magic


You had 10 spell levels left.
You knew the following spells:

 Your Spells              Type           Power      Damage    Failure   Level
a - Magic Dart            Conj           100%       1d8       1%          1
b - Searing Ray           Conj           76%        2d7       1%          2
c - Iskenderun's Mystic   Conj/Tloc      43%        2d10      3%          4
d - Iron Shot             Conj/Erth      20%        9d5       50%         6

Your spell library contained the following spells:

 Spells                   Type           Power      Damage    Failure   Level
 Sandblast                Erth           86%        2d18      1%          1
 Dazzling Flash           Conj/Hex       46%        N/A       6%          3
 Fulminant Prism          Conj/Hex       11%        3d9       21%         4
 Frozen Ramparts          Ice            14%        1d3       26%         3
 Inner Flame              Hex/Fire       7%         N/A       26%         3
 Animate Dead             Necr           3%         N/A       63%         4
 Cause Fear               Hex            3%         N/A       63%         4
 Ice Form                 Ice/Tmut       7%         N/A       63%         4
 Summon Ice Beast         Ice/Summ       7%         N/A       63%         4
 Blade Hands              Tmut           3%         N/A       93%         5
 Haunt                    Necr/Summ      3%         N/A       100%        7
 Discord                  Hex            3%         N/A       100%        8
 Infestation              Necr           3%         N/A       100%        8
 Animate Armour           Summ/Erth      Unusable   N/A       N/A         4

Dungeon Overview and Level Annotations

Branches:
Dungeon (12/15)            Temple (1/1) D:7            Lair (0/6) D:11
    Orc (0/2) D:9

Altars:
Ashenzari
Cheibriados
Dithmenos
Elyvilon
Fedhas
Gozag
Hepliaklqana
Kikubaaqudgha
Makhleb
Nemelex Xobeh
Okawaru
Qazlal
Ru
Sif Muna
Trog
Uskayaw
Vehumet
Wu Jian
Xom
Yredelemnul
Zin
The Shining One

Annotations:
D:5 3 runed translucent doors, da312102's ghost, weakling DrDe
D:11 Rupert
D:12 Frances


Innate Abilities, Weirdness & Mutations

You can breathe blasts of noxious fumes.
Your lurid green scales are hard. (AC +7)
You cannot fit into any form of body armour.
Your system is resistant to poisons. (rPois)
You are cold-blooded and may be slowed by cold attacks.


Message History

The orange demon stings you but does no damage.
Frances screams a word of power!
The shard of ice hits you! The orange demon stings you from afar.
Frances screams a word of power!
Frances says, "I speak the language of demons!"
Frances mutters in a terrible tongue.
Frances seems to speed up.
You have got your breath back.
Frances mutters in a terrible tongue.
The rust devil disappears in a puff of smoke!
Frances speaks in an indecipherable language.
Frances hits you with a +2 hand axe of electrocution!
The sixfirhy hits you but does no damage.
The sixfirhy hits you. The sixfirhy shocks you!
* * * LOW HITPOINT WARNING * * *
The sixfirhy hits you but does no damage.
The sixfirhy misses you.
The orange demon disappears in a puff of smoke!
Aiming: Breathe Noxious Fumes (3% risk of failure)
Press: ? - help, Shift-Dir - straight line, f - Frances
Aim: Frances, wielding a +2 hand axe of electrocution and wearing a +0 chain mail (moderately wounded, fast, 70% to hit)
You exhale a blast of noxious fumes.
The blast of choking fumes hits Frances.
Frances is moderately wounded.
The blast of choking fumes hits the sixfirhy.
The sixfirhy is lightly wounded.
The sixfirhy is engulfed in noxious fumes.
The sixfirhy appears confused.
The sixfirhy barely misses Frances.
The sixfirhy hits itself.
The sixfirhy is engulfed in noxious fumes.
The sixfirhy hits Frances.
The sixfirhy shocks Frances!
Frances is engulfed in noxious fumes.
Frances hits you with a +2 hand axe of electrocution!!
* * * LOW HITPOINT WARNING * * *
The sixfirhy is engulfed in noxious fumes.
The sixfirhy appears confused.
Frances is engulfed in noxious fumes.
Frances hits you with a +2 hand axe of electrocution.
* * * LOW HITPOINT WARNING * * *
You are electrocuted!
You die...

. #........#..#..#...#..
#÷.......####..#...#.. #.....####
...#...#.. #.....#..# ...######'
#.....#..####..#......
#.....#.....#..#......
#....<##'#..#..#......
#........####......#..
#....@.............#..
#....@##'#.........#.o
#....3#..#.........#..
#....☼#..#.........#@.
############☼#####'########..
#..'........☼.(.......#......
#..#........§.........#......
###########'####..#############..
...............#..#.......#...o..


You could see Frances (fast) and a sixfirhy (summoned, confused).

Vanquished Creatures
  An ugly thing (D:12)
  A cyclops (D:11)
  2 gargoyles
  A kobold demonologist (D:8)
  3 trolls
  A shadow (D:10)
  19 yaks
  3 wraiths (D:12)
  5 wargs
  2 water moccasins
  A sky beast (D:6)
  6 orc warriors
  An ice beast (D:7)
  A necrophage (D:5)
  2 ogres
  8 centaurs
  A phantom (D:5)
  3 kobold brigands
  3 bullfrogs
  4 gnoll sergeants
  A scorpion (D:6)
  2 water moccasin zombies (D:5)
  A wyvern zombie (D:8)
  9 wights
  A howler monkey (D:6)
  7 orc priests
  4 hounds
  A jelly (D:5)
  5 centaur zombies
  A gnoll shaman (D:8)
  2 iguanas
  6 orc wizards
  A howler monkey zombie (D:9)
  26 gnolls
  4 adders
  3 white imps
  An ufetubus (D:6)
  4 worms
  A dart slug (D:4)
  25 orcs
  3 bats
  4 endoplasms
  2 giant cockroaches
  3 goblins
  6 hobgoblins
  4 jackals (D:5)
  20 kobolds
  2 quokkas
  3 ball pythons
  3 frilled lizards
  7 rats
230 creatures vanquished.

Vanquished Creatures (collateral kills)
  A gargoyle (D:10)
1 creature vanquished.

Grand Total: 231 creatures vanquished

Notes
Turn   | Place    | Note
-------+----------+-------------------------------------------
     0 | D:1      | Skilfsilihog the Draconian Conjurer began the quest for the
                  | Orb.
     0 | D:1      | Reached XP level 1. HP: 14/14 MP: 3/3
   239 | D:1      | Reached XP level 2. HP: 20/20 MP: 1/5
   269 | D:1      | Found a faded altar of an unknown god.
   613 | D:2      | Reached skill level 5 in Conjurations
   613 | D:2      | Reached XP level 3. HP: 26/26 MP: 1/6
   763 | D:2      | Learned a level 2 spell: Searing Ray
  1376 | D:3      | HP: 1/26 [iguana (11)]
  1378 | D:3      | Reached XP level 4. HP: 1/33 MP: 1/7
  2435 | D:4      | Reached XP level 5. HP: 38/38 MP: 6/8
  2531 | D:4      | Learned a level 4 spell: Iskenderun's Mystic Blast
  2765 | D:4      | Reached skill level 1 in Translocations
  3014 | D:5      | Entered Level 5 of the Dungeon
  3019 | D:5      | Reached XP level 6. HP: 45/45 MP: 6/9
  3033 | D:5      | Noticed da312102's ghost (weakling DrDe)
  3058 | D:5      | Reached skill level 2 in Translocations
  3114 | D:5      | Reached skill level 3 in Translocations
  3149 | D:5      | Reached skill level 4 in Translocations
  3154 | D:5      | Your scales start taking on a lurid green colour.
  3154 | D:5      | Reached XP level 7. HP: 6/50 MP: 2/10
  3154 | D:5      | Gained mutation: Your system is resistant to poisons.
                  | (rPois) [Green Draconian growth]
  3497 | D:5      | Reached skill level 5 in Translocations
  3783 | D:5      | Found a runed translucent gate.
  3784 | D:5      | Found a runed translucent gate.
  3785 | D:5      | Found a runed translucent gate.
  3970 | D:5      | Found a stormy altar of Qazlal.
  3972 | D:5      | Noticed a fire elemental
  3972 | D:5      | Noticed an air elemental
  3972 | D:5      | Noticed a water elemental
  4072 | D:5      | Reached skill level 6 in Translocations
  4719 | D:6      | Reached skill level 7 in Translocations
  4778 | D:6      | Reached XP level 8. HP: 50/57 MP: 9/11
  4859 | D:6      | Reached skill level 8 in Translocations
  6222 | D:7      | Reached skill level 9 in Translocations
  6386 | D:7      | Paralysed by an orc warrior for 3 turns
  6488 | D:7      | Found a staircase to the Ecumenical Temple.
  6508 | Temple   | Entered the Ecumenical Temple
  6592 | Temple   | Became a worshipper of Vehumet
  7566 | D:7      | Reached XP level 9. HP: 37/62 MP: 13/15
  8215 | D:7      | Reached skill level 5 in Spellcasting
  8575 | D:8      | Reached * piety under Vehumet
  8575 | D:8      | Offered knowledge of Freeze by Vehumet.
  8947 | D:8      | Reached skill level 1 in Shields
  9185 | D:9      | Noticed a troll
  9193 | D:9      | Noticed a kobold demonologist
  9194 | D:9      | Killed a troll
  9229 | D:8      | Killed a kobold demonologist
  9255 | D:9      | HP: 1/62 [centaur/arrow (15)]
  9640 | D:9      | Reached skill level 5 in Shields
  9854 | D:9      | Noticed a troll
 10005 | D:9      | Killed a troll
 10008 | D:9      | Reached XP level 10. HP: 46/69 MP: 7/20
 10153 | D:9      | Learned a level 6 spell: Iron Shot
 10985 | D:9      | Found a staircase to the Orcish Mines.
 11151 | D:9      | Reached skill level 1 in Earth Magic
 11171 | D:10     | Entered Level 10 of the Dungeon
 11259 | D:10     | Noticed a gargoyle
 11441 | D:10     | Killed a gargoyle
 11833 | D:10     | Reached skill level 5 in Earth Magic
 12188 | D:10     | Reached ** piety under Vehumet
 12199 | D:10     | Offered knowledge of Sandblast by Vehumet.
 12205 | D:10     | Reached XP level 11. HP: 48/74 MP: 3/21
 12992 | D:11     | Identified the +0 buckler of an ice cave {Rampage rN++}
 13126 | D:11     | HP: 1/74 [yak (7)]
 13392 | D:11     | Noticed a boulder beetle
 13934 | D:10     | Reached skill level 1 in Fighting
 14265 | D:11     | Found a staircase to the Lair.
 15470 | D:12     | Noticed Rupert
 16048 | D:12     | Reached skill level 5 in Fighting
 16444 | D:12     | Noticed a white ugly thing
 16462 | D:12     | Killed a white ugly thing
 16682 | D:12     | Noticed Frances
 16721 | D:12     | Noticed a sixfirhy
 16735 | D:12     | Mangled by Frances

Illustrated notes

Levels and vault maps discovered:
D:1:      mushboom_english_gardens, layout_basic, shapermc_ecumenical_altar_venn
D:2:      layout_basic
D:3:      layout_basic
D:4:      layout_basic
D:5:      layout_basic, nicolae_qazlal_style_of_elements, gammafunk_ghost_icy,
          hex_large, st_stairs_5
D:6:      layout_cave_pools
D:7:      cheibrodos_helix_gallery, layout_rooms, minmay_temple_entry_wispy
D:8:      layout_rooms
D:9:      layout_rooms, minmay_orc_entry_guard_dogs
D:10:     nicolae_cairo_tiling, layout_long_grid
D:11:     layout_loops_cross, erik_lair_orcish_takeover
D:12:     layout_grid_maze, uniq_frances, uniq_rupert, uniq_josephine
Temple:   mainiacjoe_temple_archimedes_tessellation

Skill      XL: |  1  2  3  4  5  6  7  8  9 10 11 |
---------------+----------------------------------+-----
Conjurations   | 5 6 7 |  7.0
Translocations | 1 4 7 9 |  9.2
Spellcasting   | 4 6 |  6.8
Shields        | 6 8 |  8.2
Earth Magic    | 7 8 |  8.2
Fighting       | 6 |  6.2
Dodging        | |  1.7
Stealth        | |  1.7

Action                   |  1- 3 |  4- 6 |  7- 9 | 10-12 || total
-------------------------+-------+-------+-------+-------++-------
Melee: Short sword       |     7 |       |       |       ||     7
       Dagger            |     3 |     9 |       |       ||    12
       Tailslap          |     1 |     1 |     5 |    16 ||    23
       Spear             |       |       |   113 |    92 ||   205
 Cast: Magic Dart        |    77 |    66 |   148 |    95 ||   386
       Searing Ray       |     1 |    11 |    22 |    30 ||    64
       Iskenderun's Myst |       |       |    62 |   101 ||   163
 Abil: Breathe Noxious F |       |       |     4 |     8 ||    12
  Use: Scroll            |     1 |     4 |     7 |    11 ||    23
       Potion            |       |       |       |     5 ||     5
 Stab: Sleeping          |       |       |     2 |     1 ||     3
Armor: Skin              |     5 |     9 |    70 |    59 ||   143
Dodge: Dodged            |    12 |    19 |   136 |    90 ||   257
Block: Buckler           |       |       |     7 |    40 ||    47
